AoeStats
← =74= George

Lombardia

509019727Analyzed
4v4 RM · 6d ago on Sep 25, 2026· 34m 24s· 8 players
Game mode
Random Map
Map size
Large (8 player)
Population
200
Speed
Normal
Resources
Standard
Victory
Conquest
Starting age
Dark Age
Ending age
Imperial Age
RankedLock teamsTeams togetherTeam positionsShared explorationLock speedFull tech treeHidden civsTurbo modeCheats
Victory
Defeat
🇨🇳 Mongols · China
1073
+13
🇺🇸 Mapuche · United States
1067
+13
🇩🇴 Tatars · Dominican Republic
1061
+14
🇺🇸 Danes · United States
1013
+16
🇺🇸 Persians · United States
1090
-17
🇺🇸 Huns · United States
1032
-15
🇺🇸 Mongols · United States
989
-13
🇨🇦 Ethiopians · Canada
921
-11
therabbi99
10:55 Feudal Age
10:32 Loom
12:30 Horse Collar
12:39 Double-Bit Axe
21:04 Castle Age
19:04 Stone Mining
20:16 Arson
20:40 Scale Mail Armor
20:50 Forging
20:33 Fletching
22:20 Gold Mining
22:45 Bow Saw
22:42 Squires
22:29 Gambesons
26:57 Wheelbarrow
26:46 Hamask
34:17 Imperial Age
34:10 Hand Cart
33:58 Pikeman
Badacidreflux
7:33 Loom
10:10 Feudal Age
11:47 Double-Bit Axe
14:11 Wheelbarrow
13:40 Padded Archer Armor
13:32 Fletching
19:51 Castle Age
18:52 Horse Collar
20:59 Bodkin Arrow
22:31 Gold Mining
22:54 Gold Mining
23:15 Bow Saw
23:23 Bow Saw
24:45 Heavy Plow
28:13 Ballistics
34:39 Imperial Age
33:20 Champi Runner
34:33 Hand Cart
34:52 Scale Mail Armor
35:02 Forging
34:15 Champi Warrior
Zerg Ramfire
11:46 Feudal Age
11:52 Feudal Age
13:35 Double-Bit Axe
16:43 Horse Collar
17:46 Fletching
18:40 Padded Archer Armor
19:33 Loom
22:19 Castle Age
22:26 Scale Mail Armor
23:46 Bodkin Arrow
26:26 Ballistics
29:00 Leather Archer Armor
28:58 Masonry
29:03 Bloodlines
30:56 Husbandry
31:36 Heavy Plow
31:52 Bow Saw
32:38 Forging
LLK是给
8:27 Feudal Age
9:04 Double-Bit Axe
9:04 Horse Collar
13:19 Loom
14:03 Town Watch
14:37 Scale Barding Armor
16:32 Wheelbarrow
16:27 Bloodlines
19:15 Forging
21:45 Castle Age
21:21 Gold Mining
21:48 Light Cavalry
22:52 Chain Barding Armor
23:36 Iron Casting
24:05 Bow Saw
25:19 Gold Shaft Mining
25:10 Husbandry
32:07 Hand Cart
34:29 Fletching
34:39 Padded Archer Armor
37:21 Imperial Age
Synd
5:45 Loom
9:52 Feudal Age
10:21 Double-Bit Axe
13:18 Horse Collar
28:26 Castle Age
007
7:46 Loom
10:33 Feudal Age
11:46 Double-Bit Axe
15:27 Castle Age
23:10 Bow Saw
23:15 Horse Collar
24:21 Heavy Plow
26:02 Gold Mining
26:03 Stone Mining
26:25 Scale Barding Armor
26:31 Forging
27:27 Bloodlines
27:18 Husbandry
27:40 Chain Barding Armor
28:26 Wheelbarrow
27:38 Town Watch
29:49 Hand Cart
34:52 Iron Casting
=74= George
6:05 Loom
9:56 Feudal Age
10:22 Horse Collar
10:31 Double-Bit Axe
24:27 Castle Age
27:14 Squires
TurboCesar
7:43 Loom
10:17 Feudal Age
11:46 Double-Bit Axe
23:56 Castle Age
22:06 Horse Collar
22:43 Bloodlines
26:11 Scale Barding Armor
Connection lost

Rejoining the realm…

Still unreachable

The connection could not be restored.

Session expired

The server has moved on; the page needs a fresh start.